 Dungeon Crawl Stone Soup version 0.31-a0-479-g91c9547826 (console) character file.

Game seed: 10234475381362521386

114 Lexodia the Scratcher (level 4, -1/19 HPs)
             Began as a Felid Shapeshifter on Aug 7, 2023.
             Was a Follower of Okawaru.
             Slain by an ufetubus (3 damage)
             ... on level 4 of the Dungeon.
             The game lasted 00:04:23 (2241 turns).

Lexodia the Scratcher (Felid Shapeshifter)          Turns: 2241, Time: 00:04:23

Health: -1/19      AC:  1    Str: 13    XL:     4   Next: 67%
Magic:  6/6        EV: 18    Int:  9    God:    Okawaru [*.....]
Gold:   187        SH:  0    Dex: 17    Spells: 3/3 levels left
                                        Lives:  0   Deaths: 1

rFire   . .          .
                       - Unarmed
rCold   . . .        (shield unavailable)
rNeg    . . .        (body armour unavailable)
rPois   .            (helmet unavailable)
rElec   .            (cloak unavailable)
rCorr   .            (gloves unavailable)
SInv    +            (boots unavailable)
Will    .....        (no amulet)
Stlth   +++          (no ring)
HPRegen 0.23/turn    (no ring)
MPRegen 0.10/turn

%: no passive effects
@: beast-form, quick
A: beast (slay +2), very small, claws 1, fangs 3, see invisible, speed 1, shaggy
fur 1, stealthy paws, no weapons or thrown items, no armour, multi-lived
a: Begin Untransformation, Renounce Religion, Heroism


You were on level 4 of the Dungeon.
You worshipped Okawaru.
Okawaru was aware of your devotion.
You were a hulking beast.
You visited 1 branch of the dungeon, and saw 4 of its levels.

You collected 187 gold pieces.

Inventory:

Talismans
 b - a beast talisman (active)
Scrolls
 c - a scroll of noise {unknown}
 d - a scroll of teleportation
 i - a scroll of vulnerability
 j - a scroll of enchant weapon
Potions
 f - a potion of cancellation {unknown}
 k - 2 potions of curing


   Skills:
 + Level 2.2 Fighting
 + Level 3.6 Dodging
 * Level 4.0 Stealth
 * Level 4.1 Unarmed Combat
 + Level 1.4 Invocations
 + Level 3.7 Shapeshifting


You had 3 spell levels left.
You didn't know any spells.
Your spell library was empty.

Dungeon Overview and Level Annotations

Branches:
Dungeon (4/15)
 Temple: D:4-7

Altars:
Dithmenos
Okawaru


Innate Abilities, Weirdness & Mutations

You are a hulking beast.
Your limbs bulge with bestial killing power. (Slay +2)
You have sharp claws.
You have razor-sharp teeth.
You have supernaturally acute eyesight. (SInv)
You cover ground quickly. (Speed+)
You are covered in fur. (AC +1)
Your paws help you pounce on unaware monsters.
You are incapable of wielding weapons or throwing items.
You cannot wear armour.
You gain extra lives every three experience levels.


Message History

The adder closely misses you. The goblin closely misses you.
The adder barely misses you.
You scratch the adder.
The adder is moderately wounded.
The adder bites you.
* * * LOW HITPOINT WARNING * * *
The goblin hits you with a +0 club.
* * * LOW HITPOINT WARNING * * *
Huge Dmg: -18%(-4hp) hp: 5%(1hp)
The adder attacks as you move away! The adder bites you.
You die...
Your shape twists and changes as you die.
The adder closely misses you. The goblin hits you with a +0 club.
You are now level 4!
You rejoin the land of the living...
A ball python comes into view.
The helpless ball python fails to defend itself.
You mangle the ball python!!
You kill the ball python!
Okawaru accepts your kill.
A hobgoblin comes into view.
Found an escape hatch in the ceiling.
A worm and an ufetubus come into view.
The hobgoblin shouts!
The ufetubus shouts!
You hear a shout!
You closely miss the ufetubus. The ufetubus closely misses you.
The ufetubus misses you.
You miss the ufetubus. The ufetubus misses you. The ufetubus hits you.
Huge Dmg: -26%(-5hp) hp: 74%(14hp)
You miss the ufetubus. The ufetubus barely misses you. The ufetubus misses you.
A gnoll comes into view. It is wielding a +0 flail.
The ufetubus hits you. The ufetubus barely misses you.
Huge Dmg: -16%(-3hp) hp: 58%(11hp)
You miss the ufetubus. The ufetubus hits you. The ufetubus closely misses you.
Huge Dmg: -26%(-5hp) hp: 32%(6hp)
The ufetubus attacks as you move away! The ufetubus hits you.
* * * LOW HITPOINT WARNING * * *
The ufetubus hits you but does no damage.
Huge Dmg: -21%(-4hp) hp: 11%(2hp)
The ufetubus attacks as you move away! The ufetubus hits you.
You die...

.......# ...<.g.
#..... #..w. #...
#.. .......# #g#
#......# #5#
#......# #h#
#......#
#.####......#
#....#......#
#.##.#......#
.##.##.#......##
.................
####.########.#..
#.# # #.#


You could see a worm (wandering), an ufetubus and a hobgoblin.

Vanquished Creatures
  A scorpion (D:3)
  An orc priest (D:3)
  Terence (D:2)
  6 adders
  2 dart slugs (D:2)
  A worm (D:2)
  2 orcs (D:3)
  8 ball pythons
  2 bats
  3 endoplasms
  4 giant cockroaches
  8 goblins
  3 hobgoblins
  6 frilled lizards
  5 kobolds
  3 rats
56 creatures vanquished.

Notes
Turn   | Place    | Note
-------+----------+-------------------------------------------
     0 | D:1      | Lexodia the Felid Shapeshifter began the quest for the Orb.
     0 | D:1      | Reached XP level 1. HP: 9/9 MP: 2/2
   121 | D:1      | Found a faded altar of an unknown god.
   125 | D:1      | Reached skill level 1 in Stealth
   126 | D:1      | Prayed at the altar of an unknown god.
   126 | D:1      | Became a worshipper of Warmaster Okawaru
   126 | D:1      | Reached * piety under Okawaru
   134 | D:1      | Huge Dmg: 3 dmg
   137 | D:1      | Reached XP level 2. HP: 9/12 MP: 3/3
   994 | D:2      | Noticed Terence
  1002 | D:2      | Killed Terence
  1003 | D:2      | Reached XP level 3. HP: 15/15 MP: 1/4
  1145 | D:2      | Reached XP level 4. HP: 18/19 MP: 2/5
  1718 | D:3      | Reached skill level 1 in Invocations
  1767 | D:3      | Found a shadowy altar of Dithmenos.
  1780 | D:3      | Huge Dmg: 4 dmg
  1850 | D:3      | Noticed a scorpion
  1856 | D:3      | Huge Dmg: 16 dmg
  1859 | D:3      | Huge Dmg: 3 dmg
  1862 | D:3      | Reached XP level 5. HP: 19/22 MP: 3/6
  1863 | D:3      | Huge Dmg: 5 dmg
  1883 | D:3      | Huge Dmg: 5 dmg
  2217 | D:4      | Huge Dmg: 9 dmg
  2222 | D:4      | HP: 1/22 [goblin/+0 club (3)]
  2223 | D:4      | Huge Dmg: 4 dmg
  2223 | D:4      | Slain by an adder
  2224 | D:4      | Reached XP level 4. HP: -2/19 MP: 6/6
  2238 | D:4      | Huge Dmg: 5 dmg
  2239 | D:4      | Huge Dmg: 3 dmg
  2240 | D:4      | Huge Dmg: 5 dmg
  2241 | D:4      | Huge Dmg: 4 dmg
  2241 | D:4      | Slain by an ufetubus

Illustrated notes

Levels and vault maps discovered:
D:1:      scummos_arrival_simple_crosswalls, layout_loops_corners,
          serial_rivers, chequers_serial_rivers_micro_d,
          chequers_serial_rivers_micro_b, chequers_serial_rivers_micro_e,
          chequers_serial_rivers_room_a, chequers_serial_rivers_marsh,
          chequers_serial_rivers_marsh, shapermc_ecumenical_altar_acropolis
D:2:      layout_basic, grunt_ministairs_1, uniq_terence
D:3:      layout_rooms, mainiacjoe_overflow_small_starburst, serial_bayou,
          serial_bayou_lake_a, serial_bayou_shore_b, serial_bayou_pond_c,
          serial_bayou_crossing, serial_bayou_pond_b, serial_bayou_pond_e
D:4:      layout_basic, nicolae_ossuary_entry_ruins,
          minmay_fractal_squares_gapless_5

Skill      XL: |  1  2  3  4  5 |
---------------+----------------+-----
Stealth        | 1 2 3 4 |  4.0
Dodging        | 3 |  3.6
Invocations    | 1 |  1.4
Fighting       | 2 |  2.2
Unarmed Combat | 4 |  4.1
Shapeshifting  | |  3.7

Action                     |  1- 3 |  4- 6 || total
---------------------------+-------+-------++-------
  Melee: Unarmed           |    54 |    91 ||   145
         Bite              |     2 |     7 ||     9
         Punch             |     1 |     1 ||     2
 Invoke: Heroism           |     2 |     1 ||     3
    Use: Potion            |       |     3 ||     3
         Scroll            |       |     4 ||     4
   Stab: Sleeping          |     7 |     5 ||    12
         Distracted        |     1 |       ||     1
 Armour: Skin              |     1 |    17 ||    18
  Dodge: Dodged            |    44 |    65 ||   109

Table legend: (Time is in decaauts)
 A = Elapsed time spent in this place.
 B = Non-inter-level travel time spent in this place.
 C = Inter-level travel time spent in this place.
 D = Time resting spent in this place.
 E = Time spent auto-exploring this place.
 F = Levels seen in this place.
 G = Mean time per level.
                   A        B        C        D        E       F      G
               +--------+--------+--------+--------+--------+-----+--------+
         Total |   1920 |   1872 |     48 |     10 |   1524 |   4 |  480.0 |
       Dungeon |   1920 |   1872 |     48 |     10 |   1524 |   4 |  480.0 |
               +--------+--------+--------+--------+--------+-----+--------+

Top non-repeatable levels by time:
     D:3: 712 daAuts
     D:1: 696 daAuts
     D:2: 484 daAuts
     D:4: 27 daAuts
